 Dungeon Crawl Stone Soup version 0.28-a0-1143-gcf6077d4cc (webtiles) character file.

Game seed: 16530985516001035642

125 ducksouse the Poker (level 4, 0/34 HPs)
             Began as a Demonspawn Gladiator on Dec 13, 2021.
             Slain by a river rat (5 damage)
             ... in a sewer.
             The game lasted 00:09:22 (2249 turns).

ducksouse the Poker (Demonspawn Gladiator)          Turns: 2249, Time: 00:09:23

Health: 0/34       AC:  4    Str: 15    XL:     4   Next: 82%
Magic:  4/4        EV: 13    Int:  9    God:
Gold:   45         SH:  0    Dex: 16    Spells: 2/3 levels left

rFire   . . .      SeeInvis .   a - +0 trident
rCold   . . .      Faith    .   (no shield)
rNeg    . . .      Spirit   .   b - +0 leather armour
rPois   .          Reflect  .   c - +0 helmet
rElec   .          Harm     .   (no cloak)
rCorr   .          Rampage  .   (no gloves)
Will    .....                   (no boots)
Stlth   +.........              (no amulet)
HPRegen 0.11/turn               (no ring)
MPRegen 0.09/turn               (no ring)

@: no status effects
A: claws 1
a: no special abilities


You were in a sewer.
You visited 1 branch of the dungeon, and saw 3 of its levels.
You also visited: Sewer.

You collected 73 gold pieces.
You spent 28 gold pieces at shops.

Inventory:

Hand Weapons
 a - a +0 trident (weapon)
Armour
 b - a +0 leather armour (worn)
 c - a +0 helmet (worn)
 f - a +0 scale mail
 i - a +0 pair of gloves
Scrolls
 h - a scroll of blinking {unknown}
 k - a scroll of fog
 l - a scroll of noise
Potions
 e - a potion of magic {unknown}
 j - a potion of mutation {unknown}
 m - a potion of resistance {unknown}
 n - a potion of degeneration {unknown}


   Skills:
 + Level 2.7 Fighting
 + Level 3.8 Polearms
 + Level 2.3 Throwing
 + Level 1.1 Armour
 + Level 3.2 Dodging
 + Level 0.2 Stealth


You had 2 spell levels left.
You knew the following spells:

 Your Spells              Type           Power      Damage    Failure   Level
a - Slow                  Hex            0%         N/A       45%         1

Your spell library contained the following spells:

 Spells                   Type           Power      Damage    Failure   Level
 Confusing Touch          Hex            0%         N/A       83%         3
 Frozen Ramparts          Ice            0%         1d2       83%         3
 Ice Form                 Ice/Tmut       0%         N/A       99%         4
 Summon Ice Beast         Ice/Summ       0%         N/A       99%         4
 Summon Forest            Summ/Tloc      0%         N/A       100%        5
 Yara's Violent Unravell  Hex/Tmut       0%         3d3       100%        5
 Eringya's Noxious Bog    Tmut/Pois      0%         N/A       100%        6
 Summon Hydra             Summ           0%         N/A       100%        7


Dungeon Overview and Level Annotations

Branches:
Dungeon (3/15)              Sewer (1/1)

Altars:

Shops:
D:2 [((?(


Innate Abilities, Weirdness & Mutations

You have sharp fingernails.


Message History

You enter the shallow water.
Moving in this stuff is going to be slow.
There is a glowing drain here.
The world spins around you as you enter the gateway.
You enter a sewer!
Found a gate leading back out of this place.
There is an empty arch of ancient stone here.
There are monsters nearby!
There is a gate leading back out of this place here.
The river rat bites you.
You barely miss the river rat. The river rat bites you.
The river rat completely misses you.
Throw: javelin
Press: ? - help, Q - select action, (/) - cycle Shift-Dir - straight line, f - river rat
Aim: a river rat (58% to hit)
You throw a javelin.
The javelin closely misses the river rat.
The javelin pierces through the rat.
You kill the rat!
The javelin closely misses the rat.
The river rat closely misses you. x2
Throw: throwing net
Press: ? - help, Q - select action, (/) - cycle Shift-Dir - straight line, f - rat, p - river rat
Aim: a rat (62% to hit)
You throw a throwing net.
The throwing net closely misses the river rat.
The throwing net hits the rat.
The rat is caught in the net!
The rat struggles against the net.
The river rat bites you.
* * * LOW HITPOINT WARNING * * *
The river rat closely misses you.
You hit the river rat.
The river rat is heavily wounded.
The rat struggles against the net.
The river rat closely misses you. The river rat misses you.
You barely miss the river rat.
The river rat is heavily wounded.
The rat struggles against the net.
The river rat bites you.
* * * LOW HITPOINT WARNING * * *
The river rat bites you.
You die...

###
#.#
#r#
#r#
#@#
#r#
#.#
#∩#
#r#
#.#
#.#
#.#
#.#


You could see 3 river rats and a rat (caught).

Vanquished Creatures
  Robin (D:2)
  3 adders
  2 worms
  A dart slug (D:1)
  4 ball pythons
  6 endoplasms
  4 giant cockroaches
  12 goblins
  13 hobgoblins
  8 kobolds
  4 quokkas
  7 bats
  2 frilled lizards
  3 rats
70 creatures vanquished.

Notes
Turn   | Place    | Note
-------+----------+-------------------------------------------
     0 | D:1      | ducksouse the Demonspawn Gladiator began the quest for the
                  | Orb.
     0 | D:1      | Reached XP level 1. HP: 16/16 MP: 1/1
   105 | D:1      | Gained mutation: You have sharp fingernails. [demonic
                  | ancestry]
   105 | D:1      | Reached XP level 2. HP: 15/22 MP: 2/2
   676 | D:1      | Reached XP level 3. HP: 28/28 MP: 3/3
  1067 | D:2      | Found Riufedea's Magic Scroll Emporium.
  1075 | D:2      | Bought a scroll of identify for 28 gold pieces
  1154 | D:2      | Found Acorraog's Weapon Shop.
  1217 | D:2      | Found a faded altar of an unknown god.
  1399 | D:2      | Found Rextoho's Antique Weapon Shop.
  1505 | D:2      | Found Fecis's Antique Armour Shop.
  1650 | D:2      | Noticed Robin
  1659 | D:2      | Reached XP level 4. HP: 33/34 MP: 4/4
  1681 | D:2      | Killed Robin
  1689 | D:2      | Found Sibit's Weapon Emporium.
  1742 | D:2      | Learned a level 1 spell: Slow
  2182 | D:3      | Found a glowing drain.
  2202 | D:3      | Reached skill level 1 in Armour
  2241 | Sewer    | Entered a sewer
  2249 | Sewer    | Slain by a river rat

Illustrated notes

Levels and vault maps discovered:
D:1:      zelgadis_glass_arrival_small, layout_basic,
          nicolae_concentric_dashed_squares_mild
D:2:      layout_basic, shapermc_ecumenical_altar_totnotflames, serial_shops,
          shop, shop, nicolae_shop_statue_plus, nicolae_shop_window_shopping,
          nicolae_shop_bloodbath_and_beyond, chequers_arboretum, uniq_robin
D:3:      layout_basic, gup_sewer_entry_glass
Sewer:    sewer_kobolds

Skill      XL: |  1  2  3  4 |
---------------+-------------+-----
Throwing       | 2 |  2.3
Polearms       | 3 |  3.8
Dodging        | 3 |  3.2
Armour         | 1 |  1.1
Fighting       | |  2.7
Stealth        | |  0.2

Action                   |  1- 3 |  4- 6 || total
-------------------------+-------+-------++-------
Melee: Trident           |   116 |    76 ||   192
Throw: Throwing net      |     5 |     5 ||    10
       Javelin           |       |     2 ||     2
  Use: Scroll            |       |     2 ||     2
 Stab: Held in net/web   |     1 |     1 ||     2
       Sleeping          |     1 |       ||     1
Armor: Leather armour    |    24 |    35 ||    59
Dodge: Dodged            |    51 |    69 ||   120

Table legend: (Time is in decaauts)
 A = Elapsed time spent in this place.
 B = Non-inter-level travel time spent in this place.
 C = Inter-level travel time spent in this place.
 D = Time resting spent in this place.
 E = Time spent auto-exploring this place.
 F = Levels seen in this place.
 G = Mean time per level.
                   A        B        C        D        E       F      G
               +--------+--------+--------+--------+--------+-----+--------+
         Total |   2275 |   2151 |    124 |     90 |   1315 |   4 |  568.8 |
       Dungeon |   2267 |   2143 |    124 |     90 |   1315 |   3 |  755.7 |
         Sewer |      8 |      8 |      0 |      0 |      0 |   1 |    8.0 |
               +--------+--------+--------+--------+--------+-----+--------+

Top non-repeatable levels by time:
     D:1: 1068 daAuts
     D:2: 951 daAuts
     D:3: 246 daAuts
   Sewer: 8 daAuts
